 Dungeon Crawl Stone Soup version 0.27.1-3-gb3d3a73c9e (webtiles) character file.

Game seed: 17889499414263425999

81 Crownlay the Chopper (level 4, 0/39 HPs)
             Began as a Hill Orc Fighter on Oct 21, 2021.
             Was a Plaything of Xom.
             Succumbed to an adder's poison
             ... on level 3 of the Dungeon.
             The game lasted 00:02:45 (2508 turns).

Crownlay the Chopper (Hill Orc Fighter)             Turns: 2508, Time: 00:02:45

Health: 0/39       AC:  7    Str: 19      XL:     4   Next: 42%
Magic:  4/4        EV: 10    Int: 10      God:    Xom [.*....]
Gold:   61         SH:  0    Dex:  9 (10) Spells: 3/3 levels left

rFire    + . .     SeeInvis .   a - +0 war axe
rCold    . . .     Faith    .   (no shield)
rNeg     . . .     Spirit   .   i - +1 ring mail {rF+}
rPois    .         Reflect  .   (helmet restricted)
rElec    .         Harm     .   n - +0 cloak
rCorr    .         Rampage  .   (no gloves)
Will     +....                  (no boots)
Stlth    ..........             (no amulet)
HPRegen  0.13/turn              p - ring of willpower
MPRegen  0.09/turn              (no ring)

@: lethally poisoned (0 -> -19)
A: horns 1, clever 1, screaming 1, wild magic 1
a: Renounce Religion


You were on level 3 of the Dungeon.
You worshipped Xom.
You were a plaything of Xom.
You visited 1 branch of the dungeon, and saw 3 of its levels.

You collected 61 gold pieces.

Inventory:

Hand Weapons
 a - a +0 war axe (weapon)
Armour
 b - a +0 scale mail
 c - a +0 kite shield
 i - a +1 ring mail of fire resistance (worn)
 l - a +1 helmet
 n - a +0 cloak (worn)
Jewellery
 p - a ring of willpower (left hand)
Scrolls
 e - a scroll of identify {unknown}
 h - 2 scrolls of teleportation {unknown}
 k - a scroll of vulnerability {unknown}
 o - a scroll of amnesia {unknown}
Potions
 d - a potion of might
 f - 6 potions of curing {unknown}
 g - a potion of heal wounds {unknown}
 j - a potion of cancellation {unknown}
 m - 2 potions of flight {unknown}
 q - a potion of berserk rage {unknown}


   Skills:
 - Level 3.6 Fighting
 * Level 5.1 Axes
 - Level 3.2 Armour
 + Level 4.1 Shields


You had 3 spell levels left.
You didn't know any spells.
Your spell library contained the following spells:

 Spells                   Type           Power      Damage    Failure   Level
 Sublimation of Blood     Necr           0%         N/A       75%         2
 Wereblood                Tmut           0%         N/A       75%         2
 Summon Hydra             Summ           0%         N/A       100%        7


Dungeon Overview and Level Annotations

Branches:
Dungeon (3/15)

Altars:
Xom


Innate Abilities, Weirdness & Mutations

You have a pair of small horns on your head.
Your mind is acute. (Int +2)
You occasionally shout uncontrollably at your foes.
Your spells are a little harder to cast, but a little more powerful.


Message History

You are more poisoned.
The scorpion poisons you!
You barely miss the scorpion.
The scorpion is heavily wounded.
You feel very sick.
The scorpion stings you but does no damage.
You slash the scorpion!
You headbutt the scorpion, but do no damage.
The scorpion is almost dead.
You feel very sick. The scorpion barely misses you. The scorpion stings you.
You are too injured to fight recklessly!
You are too injured to fight recklessly!
You are too injured to fight recklessly!
You are too injured to fight recklessly!
You are too injured to fight recklessly!
You are too injured to fight recklessly!
You barely miss the scorpion.
You headbutt the scorpion, but do no damage.
The scorpion is almost dead.
You barely miss the adder.
You feel sick. The adder barely misses you. The scorpion stings you.
* * * LOW HITPOINT WARNING * * *
You are lethally poisoned!
The scorpion poisons you!
You barely miss the scorpion.
The scorpion is almost dead.
You miss the adder.
* * * LOW HITPOINT WARNING * * *
You feel very sick. The adder bites you.
* * * LOW HITPOINT WARNING * * *
You are more poisoned.
The adder poisons you! The scorpion closely misses you.
The adder bites you but does no damage. The scorpion closely misses you.
You slash the scorpion!
You kill the scorpion!
You closely miss the adder.
You die...
Xom chortles!

........ ... #....# #..
####...## #...
###.......##
...###.....!....######
#..$.................
..##........#.#####.####
......S#......# #.#
#.@....### #.#
#†#..#...# #.#
......###..# #.#
#....### #.# #.# .....#
... #.# .##..# ##. # #..
...


You could see an adder.

Vanquished Creatures
  A scorpion (D:3)
  A gnoll (D:1)
  An adder (D:3)
  3 worms (D:2)
  2 dart slugs
  8 endoplasms
  3 giant cockroaches
  4 goblins
  4 hobgoblins
  2 quokkas (D:1)
  5 ball pythons
  6 bats
  5 frilled lizards
  4 kobolds
  5 rats
54 creatures vanquished.

Vanquished Creatures (others)
  4 toadstools (D:1)
4 creatures vanquished.

Grand Total: 58 creatures vanquished

Notes
Turn   | Place    | Note
-------+----------+-------------------------------------------
     0 | D:1      | Crownlay the Hill Orc Fighter began the quest for the Orb.
     0 | D:1      | Reached XP level 1. HP: 19/19 MP: 1/1
    11 | D:1      | Found a faded altar of an unknown god.
    29 | D:1      | Became a worshipper of Xom of Chaos
    34 | D:1      | XOM: potion effect (brilliance)
   113 | D:1      | Reached skill level 3 in Axes
   119 | D:1      | Reached XP level 2. HP: 15/26 MP: 2/2
   564 | D:1      | Reached skill level 4 in Axes
   566 | D:1      | Reached XP level 3. HP: 31/31 MP: 3/3
  1582 | D:2      | XOM: divination: detect items
  1907 | D:2      | Reached XP level 4. HP: 39/39 MP: 4/4
  1907 | D:2      | XOM: summons 1 hostile demon
  2010 | D:2      | XOM: give mutations
  2010 | D:2      | Gained mutation: You have a pair of small horns on your
                  | head. [Xom's mischief]
  2010 | D:2      | Gained mutation: You occasionally shout uncontrollably at
                  | your foes. [Xom's mischief]
  2010 | D:2      | Gained mutation: Your spells are a little harder to cast,
                  | but a little more powerful. [Xom's mischief]
  2010 | D:2      | Gained mutation: Your mind is acute. (Int +2) [Xom's
                  | mischief]
  2337 | D:3      | Reached skill level 5 in Axes
  2499 | D:3      | Noticed a scorpion
  2508 | D:3      | Killed a scorpion
  2508 | D:3      | Succumbed to an adder's poison

Illustrated notes

Levels and vault maps discovered:
D:1:      ldierk_water_garden, layout_basic,
          hellmonk_ecumenical_altar_arch_garden
D:2:      layout_basic, minmay_mini_jars
D:3:      layout_rooms, serial_shops, shop_fountains, gup_sewer_entry_spiral

Skill      XL: |  1  2  3  4 |
---------------+-------------+-----
Axes           | 3 4 5 |  5.1
Shields        | 4 |  4.1
Fighting       | |  3.6
Armour         | |  3.2

Action                   |  1- 3 |  4- 6 || total
-------------------------+-------+-------++-------
Melee: War axe           |    78 |    40 ||   118
       Headbutt          |       |     4 ||     4
Armor: Scale mail        |    25 |       ||    25
       Ring mail         |    15 |    54 ||    69
Dodge: Dodged            |    42 |    37 ||    79
